 Dungeon Crawl Stone Soup version 0.18-a0-1784-ga939a68 (webtiles) character file.

9405 MDvedh the Slicer (level 11, -3/92 HPs)
             Began as a Mottled Draconian Wanderer on Apr 13, 2016.
             Was a High Priest of Zin.
             Shot with an arrow by a centaur (12 damage)
             ... on level 11 of the Dungeon on Apr 18, 2016.
             The game lasted 00:50:17 (13354 turns).

MDvedh the Slicer (Mottled Draconian Wanderer)     Turns: 13354, Time: 00:50:18

Health: -3/92      AC: 11    Str: 17    XL:     11   Next: 22%
Magic:  15/15      EV: 16    Int: 13    God:    Zin [*****.]
Gold:   577        SH:  0    Dex: 16    Spells: 1 memorised, 14 levels left

rFire  + . .     SeeInvis .     a - +3 short sword (venom)
rCold  + . .     Gourm    .     (armour unavailable)
rNeg   . . .     Faith    .     (no shield)
rPois  .         Spirit   .     (helmet restricted)
rElec  .         Dismiss  .     O - +0 cloak
rCorr  .         Reflect  .     R - +0 pair of gloves
SustAt .         Harm     .     x - +1 pair of boots
MR     .....                    (no amulet)
Stlth  ++........               V - ring of protection from cold
                                w - ring of protection from fire

@: mighty, short of breath, very slightly contaminated, hasted, very quick, not
resistant to hostile enchantments, unstealthy
A: breathe sticky flame splash, unfitting armour, cold-blooded, AC +7
a: Breathe Sticky Flame, Recite, Vitalisation, Imprison, Sanctuary, Donate Gold,
Renounce Religion


You were on level 11 of the Dungeon.
You worshipped Zin.
Zin was extremely pleased with you.
You were not hungry.

You visited 1 branch of the dungeon, and saw 11 of its levels.

You collected 641 gold pieces.
You donated 64 gold pieces to Zin.

Inventory:

Hand Weapons
 a - a +3 short sword of venom (weapon)
 b - a +2 blowgun
 e - a +0 dagger
Missiles
 k - a curare-tipped needle
 v - 4 throwing nets (quivered)
 A - 33 poisoned needles
Armour
 x - a +1 pair of boots (worn)
 O - a +0 cloak (worn)
 R - a +0 pair of gloves (worn)
Jewellery
 d - a +4 ring of protection
 i - an uncursed ring of wizardry
 j - an uncursed ring of see invisible
 u - an uncursed ring of positive energy
 w - a ring of protection from fire (left hand)
 G - an uncursed ring of protection from magic
 V - a ring of protection from cold (right hand)
Wands
 c - a wand of flame (25/48)
 n - a wand of hasting (4/9)
 p - a wand of iceblast (3/15)
 q - a wand of acid (6/15)
 z - a wand of digging (8/24)
 B - a wand of lightning (9/15)
 D - a wand of flame (34/48)
 J - a wand of digging (11/24)
 K - a wand of disintegration (19/24)
 P - a wand of iceblast (0/15)
Scrolls
 f - a scroll of fear
 g - 5 scrolls of remove curse
 h - a scroll of magic mapping
 o - a scroll of blinking
 t - 2 scrolls of recharging
 y - 3 scrolls of identify
 Q - a scroll of teleportation
Potions
 l - a potion of might
 s - 3 potions of curing
 C - 2 potions of berserk rage
 H - 2 potions of flight
 I - a potion of resistance {unknown}
 L - a potion of lignification {unknown}
 M - a potion of cure mutation
Books
 m - a book of Necromancy

   Spells                             Type                      Level
   a - Pain                           Necromancy                   1
   b - Animate Skeleton               Necromancy                   1
   c - Vampiric Draining              Necromancy                   3
   d - Regeneration                   Charms/Necromancy            3
   e - Animate Dead                   Necromancy                   4
   f - Control Undead                 Necromancy                   4
   Zin disapproves of the use of such an item.
Comestibles
 r - 4 beef jerkies
 E - 28 fruits
 F - 2 meat rations
 N - a royal jelly
 S - 4 chunks of flesh


   Skills:
 + Level 7.3 Fighting
 + Level 9.0 Short Blades
   Level 1.0 Staves
 - Level 1.0 Throwing
 + Level 6.5 Dodging
 + Level 4.3 Stealth
 - Level 2.9 Spellcasting
 - Level 6.6 Conjurations
   Level 4.0 Air Magic
 - Level 7.2 Poison Magic
 + Level 3.2 Invocations


You had 14 spell levels left.
You knew the following spells:

 Your Spells              Type           Power        Failure   Level  Hunger
a - Sting                 Conj/Pois      ###.         1%          1    #......


Dungeon Overview and Level Annotations

Branches:
Dungeon (11/15)            Temple (0/1) D:5            Lair (0/8) D:11
    Orc (0/2) D:9

Altars:
Ashenzari
Cheibriados
Dithmenos
Fedhas
Kikubaaqudgha
Makhleb
Nemelex Xobeh
Pakellas
Ru
Sif Muna
Trog
Vehumet
Xom
Zin
The Shining One

Shops:
D:9 *

Annotations:
D:3 Duffy's ghost, amateur FoSk
D:6 exclusion: statue
D:11 Maud


Innate Abilities, Weirdness & Mutations

You can spit globs of burning liquid.
You can ignite nearby creatures when you spit burning liquid.
Your weird mottled scales are hard (AC +7).
Your body does not fit into most forms of armour.
You are cold-blooded and may be slowed by cold attacks.


Message History

You hit the eight-headed hydra.
The eight-headed hydra is heavily wounded.
Unknown command.
You impale the eight-headed hydra!! You tail-slap the eight-headed hydra.
The eight-headed hydra is severely wounded.
The eight-headed hydra misses you.
The eight-headed hydra barely misses you.
The eight-headed hydra bites you but does no damage.
The eight-headed hydra bites you!
* * * LOW HITPOINT WARNING * * *
The eight-headed hydra bites you but does no damage.
The eight-headed hydra bites you!
* * * LOW HITPOINT WARNING * * *
The eight-headed hydra bites you but does no damage.
The eight-headed hydra barely misses you.
Unknown command.
Unknown command.
Unknown command.
The centaur shoots an arrow.
The arrow hits you!
You die...

.# #..# #..##..#
#.###...#..... .# #..#
#..##..# #.# #...#..... .#
#..# #..##..# #@# #...#.....
.# #..####..##..###.#
#...#..... .#
#........##......# #...#...
.# #........##......#
#...#..#
.####.####...##...Dc.#
#...#..# ......#
#...##......# #...#..#
#####.# #...##.@....#
#...#..# # #.# #...##......#
#......# # #.# #...##...(..#
#......# # #.#
#...##......###..##..# # #.#
#...##...........##..# #
#.####.)..............##..###
#
#.....>...........###.##.....
# #........#..>.....#
#.##..... #
#........#........# #.##...##


You could see Maud, an eight-headed hydra and a centaur.

Vanquished Creatures
  Harold (D:11)
  A hydra (D:8)
  Pikel (D:5)
  A hill giant (D:11)
  2 ugly things
  Maurice (D:10)
  A centaur skeleton (D:10)
  A troll (D:10)
  Sigmund (D:5)
  A wraith (D:11)
  2 hungry ghosts
  A hippogriff (D:9)
  A basilisk (D:11)
  An orc warrior (D:10)
  A water moccasin (D:10)
  A black bear (D:10)
  2 ice beasts (D:11)
  3 sky beasts
  2 phantoms
  3 wasps
  5 ogres
  5 centaurs
  3 eyes of draining
  A big kobold (D:9)
  5 giant frogs
  4 scorpions
  A wyvern skeleton (D:8)
  5 killer bees (D:10)
  3 crimson imps
  2 howler monkeys
  A giant frog zombie (D:9)
  A quasit (D:9)
  Crazy Yiuf (D:5)
  A centaur zombie (D:11)
  6 orc priests
  6 hounds
  2 jellies
  4 giant frog skeletons
  Jessica (D:2)
  3 iguanas
  3 orc wizards
  3 worker ants
  A hound skeleton (D:5)
  5 gnolls (D:4)
  10 adders
  3 shadow imps
  2 oozes
  2 adder skeletons
  3 worms
  6 dart slugs
  6 giant geckos
  35 orcs
  A ball python (D:1)
  9 giant cockroaches
  11 goblins
  10 hobgoblins
  10 jackals
  11 kobolds
  3 quokkas
  10 bats
  3 giant newts
  3 goblin skeletons (D:7)
  A goblin zombie (D:7)
  3 hobgoblin zombies (D:7)
  A kobold skeleton (D:7)
  A kobold zombie (D:7)
  2 orc zombies (D:7)
  7 rats
253 creatures vanquished.

Notes
Turn   | Place    | Note
--------------------------------------------------------------
     0 | D:1      | MDvedh the Draconian Wanderer began the quest for the Orb.
     0 | D:1      | MDvedh set off with: 4 curare-tipped needles, a +2 blowgun, the Papyrus of Conjuration, the Compendium of Summoning, a +0 dagger, a bread ration
     0 | D:1      | Reached XP level 1. HP: 14/14 MP: 2/2
     2 | D:1      | Identified the Papyrus of Conjuration
     2 | D:1      | Identified the Compendium of Summoning
     4 | D:1      | Learned a level 1 spell: Sting
   291 | D:1      | Reached skill level 1 in Poison Magic
   328 | D:1      | Reached XP level 2. HP: 20/20 MP: 0/3
  1051 | D:1      | Reached XP level 3. HP: 26/26 MP: 4/4
  1115 | D:1      | Reached skill level 1 in Short Blades
  1613 | D:2      | Reached skill level 2 in Short Blades
  1935 | D:2      | Noticed Jessica
  1947 | D:2      | Killed Jessica
  1947 | D:2      | Reached XP level 4. HP: 32/33 MP: 3/5
  1976 | D:2      | Reached skill level 3 in Short Blades
  2368 | D:3      | Found a faded altar to an unknown god.
  2387 | D:3      | Became a worshipper of Zin the Law-Giver
  2387 | D:3      | Reached * piety under Zin
  2635 | D:3      | Reached XP level 5. HP: 34/38 MP: 6/6
  2741 | D:3      | Found a blossoming altar of Fedhas.
  2748 | D:3      | Noticed Duffy's ghost (amateur FoSk)
  2766 | D:3      | Reached skill level 4 in Short Blades
  3836 | D:4      | Noticed a phantom
  3860 | D:4      | Killed a phantom
  3860 | D:4      | Reached skill level 5 in Short Blades
  3860 | D:4      | Reached XP level 6. HP: 18/45 MP: 7/7
  4428 | D:4      | Reached skill level 6 in Short Blades
  4507 | D:4      | Reached ** piety under Zin
  4522 | D:4      | Reached skill level 1 in Conjurations
  4559 | D:4      | Found a bloodstained altar of Trog.
  4592 | D:4      | Your scales start taking on a weird mottled colour.
  4592 | D:4      | Reached XP level 7. HP: 28/50 MP: 0/8
  5093 | D:5      | Entered Level 5 of the Dungeon
  5173 | D:5      | Found a shattered altar of Ashenzari.
  5179 | D:5      | Noticed Sigmund
  5187 | D:5      | Killed Sigmund
  5346 | D:5      | Found a staircase to the Ecumenical Temple.
  5347 | D:5      | Reached *** piety under Zin
  5474 | D:5      | Reached skill level 5 in Poison Magic
  5536 | D:5      | Noticed Pikel
  5565 | D:5      | Killed Pikel
  5565 | D:5      | Reached skill level 5 in Conjurations
  5565 | D:5      | Reached XP level 8. HP: 35/57 MP: 9/9
  5752 | D:5      | Found a burning altar of Makhleb.
  5752 | D:5      | Noticed an Executioner
  5806 | D:5      | Found a shimmering altar of Xom.
  5889 | D:5      | Found an ancient bone altar of Kikubaaqudgha.
  5889 | D:5      | Found a sparkling altar of Nemelex Xobeh.
  5944 | D:5      | Noticed Crazy Yiuf
  5952 | D:5      | Killed Crazy Yiuf
  6611 | D:6      | Found a radiant altar of Vehumet.
  6669 | D:6      | Found a snail-covered altar of Cheibriados.
  6821 | D:6      | Reached XP level 9. HP: 48/62 MP: 10/10
  7388 | D:7      | Reached **** piety under Zin
  7407 | D:7      | Found a deep blue altar of Sif Muna.
  7503 | D:7      | Found a glowing golden altar of the Shining One.
  7578 | D:7      | Reached skill level 1 in Dodging
  7931 | D:7      | Found a shadowy altar of Dithmenos.
  8272 | D:8      | Noticed a four-headed hydra
  8576 | D:7      | Upgraded the game from 0.18-a0-1764-gf4ddf0b to 0.18-a0-1778-gadce9fa
  8772 | D:8      | Paralysed by a wasp for 2 turns
  8791 | D:8      | Killed a four-headed hydra
  9137 | D:8      | Reached skill level 7 in Short Blades
  9447 | D:8      | Found an oddly glowing altar of Pakellas.
  9579 | D:9      | Found a staircase to the Orcish Mines.
  9714 | D:9      | Reached XP level 10. HP: 62/79 MP: 14/14
 10354 | D:9      | Reached ***** piety under Zin
 10379 | D:9      | Upgraded the game from 0.18-a0-1778-gadce9fa to 0.18-a0-1784-ga939a68
 10388 | D:9      | Found Jaobef's General Store.
 10399 | D:9      | Noticed a cyan ugly thing
 10442 | D:9      | Killed a cyan ugly thing
 10442 | D:9      | Reached skill level 5 in Fighting
 10442 | D:9      | Reached skill level 5 in Dodging
 10726 | D:9      | Found a glowing silver altar of Zin.
 10812 | D:9      | Found a sacrificial altar of Ru.
 10842 | D:10     | Entered Level 10 of the Dungeon
 10981 | D:10     | Reached skill level 8 in Short Blades
 11077 | D:10     | Noticed a brown ugly thing
 11092 | D:10     | Killed a brown ugly thing
 11475 | D:10     | Reached skill level 1 in Invocations
 11640 | D:10     | Noticed Maurice
 11706 | D:10     | Killed Maurice
 12713 | D:11     | Reached XP level 11. HP: 84/91 MP: 15/15
 12771 | D:11     | Noticed Harold
 12787 | D:11     | Killed Harold
 13041 | D:11     | Found a staircase to the Lair.
 13218 | D:11     | Noticed a hill giant
 13236 | D:11     | Killed a hill giant
 13236 | D:11     | Reached skill level 9 in Short Blades
 13319 | D:11     | Noticed Maud
 13319 | D:11     | Noticed an eight-headed hydra
 13354 | D:11     | Shot with an arrow by a centaur

Vault maps used:
D:1:      shiori_arrival_elements
D:2:      uniq_jessica
D:3:      lemuel_doored_altar, first_bread, ecumenical_altar_2
D:4:      trog_eyes_of_draining, due_unseen_surprise
D:5:      kennysheep_little_box, makhleb_altar_promises_db,
          amethyst_overflow_temple_binary, minmay_temple_entry_junction,
          cheibrodos_ashenzari_chains, uniq_pikel, uniq_crazy_yiuf_cottage,
          uniq_sigmund
D:6:      vehumet_statue, nicolae_overflow_hidden_temple
D:7:      lemuel_blue_sif_altar, nicolae_tso_besieged_by_evil,
          overflow_temple_1_default, serial_curves, eino_curves_03,
          eino_curves_03, eino_curves_04
D:8:      wad_pebble_path, grunt_pakellas_basics
D:9:      zin_academy, nicolae_ru_path_of_blood, orc_0_dummy, serial_shops,
          shop, blue_anna_alchemist
D:10:     uniq_maurice
D:11:     lair_0_dummy, uniq_maud, uniq_harold

Skill      XL: |  1  2  3  4  5  6  7  8  9 10 11 |
---------------+----------------------------------+-----
Poison Magic   | 1 2 3 6 7 |  7.2
Short Blades   | 2 3 5 6 7 8 9 |  9.0
Conjurations   | 2 5 6 |  6.6
Dodging        | 4 6 |  6.5
Spellcasting   | 2 |  2.9
Fighting       | 4 6 7 |  7.3
Stealth        | 3 4 |  4.3
Invocations    | 2 3 |  3.2
Staves         | |  1.0
Throwing       | |  1.0
Air Magic      | |  4.0

Action                   |  1- 3 |  4- 6 |  7- 9 | 10-12 || total
-------------------------+-------+-------+-------+-------++-------
Melee: Dagger            |    61 |       |       |       ||    61
       Tailslap          |    11 |    17 |    51 |    63 ||   142
       Short sword       |    74 |   203 |   314 |       ||   591
       Short sword       |       |       |   102 |   319 ||   421
 Fire: Blowgun           |       |     2 |       |       ||     2
       Blowgun           |       |       |       |     3 ||     3
Throw: Throwing net      |       |       |       |     1 ||     1
 Cast: Sting             |    17 |     6 |     2 |       ||    25
       Sting             |       |       |     1 |       ||     1
Invok: Recite            |       |       |     5 |       ||     5
       Recite            |       |       |     1 |     2 ||     3
 Abil: Breathe Sticky Fl |       |       |     8 |       ||     8
       Breathe Sticky Fl |       |       |     1 |    18 ||    19
Evoke: Wand              |       |       |     4 |       ||     4
  Use: Scroll            |       |       |    20 |       ||    20
       Scroll            |       |       |     1 |     1 ||     2
       Potion            |       |       |       |     6 ||     6
 Stab: Sleeping          |     4 |     3 |     5 |       ||    12
       Distracted        |     2 |       |     1 |       ||     3
       Sleeping          |       |       |     1 |     3 ||     4
       Invisible         |       |       |       |     3 ||     3
       Distracted        |       |       |       |     1 ||     1
       Confused          |       |       |       |     1 ||     1
  Eat: Meat ration       |     1 |       |       |       ||     1
       Chunk             |       |     2 |     3 |       ||     5
       Bread ration      |       |     1 |     4 |       ||     5
       Beef jerky        |       |     1 |       |       ||     1
       Meat ration       |       |       |     2 |     1 ||     3
       Bread ration      |       |       |     1 |     2 ||     3
Armor: Skin              |    59 |    52 |   105 |       ||   216
       Skin              |       |       |    57 |    81 ||   138
Dodge: Dodged            |   111 |    84 |   132 |       ||   327
       Dodged            |       |       |    75 |   221 ||   296
